 Dungeon Crawl Stone Soup version 0.22.1-2-g9c5b331 (webtiles) character file.

24082 HerrDoktor the Basher (level 12, 0/113 HPs)
             Began as a Minotaur Gladiator on Dec 24, 2018.
             Was a High Priest of Dithmenos.
             Slain by a slime creature (11 damage)
             ... on level 12 of the Dungeon.
             The game lasted 01:03:04 (15892 turns).

HerrDoktor the Basher (Minotaur Gladiator)         Turns: 15892, Time: 01:03:04

Health: 0/113      AC: 13    Str: 21    XL:     12   Next: 77%
Magic:  0/11       EV: 17    Int:  7    God:    Dithmenos [*****.]
Gold:   755        SH:  5    Dex: 15    Spells: 11/11 levels left

rFire    + . .     SeeInvis +   a - +2 flail (crush)
rCold    . . .     Gourm    .   x - +0 buckler
rNeg     . . .     Faith    .   u - +5 ring mail {rF+}
rPois    +         Spirit   +   c - +0 hat
rElec    .         Reflect  .   P - scarf {Spirit}
rCorr    .         Harm     .   J - +0 pair of gloves
MR       .....                  (no boots)
Stlth    +.........             (no amulet)
HPRegen  0.28/turn              j - +2 ring of intelligence
MPRegen  0.12/turn              (no ring)

@: wreathed by umbra
A: retaliatory headbutt, horns 2, see invisible, poison resistance, screaming 1
a: Shadow Step, Shadow Form, Renounce Religion


You were on level 12 of the Dungeon.
You worshipped Dithmenos.
Dithmenos was extremely pleased with you.
You were very hungry.

You visited 1 branch of the dungeon, and saw 12 of its levels.
You also visited: Sewer.

You collected 755 gold pieces.

Inventory:

Hand Weapons
 a - a +2 flail of crushing (weapon)
 b - a +3 hunting sling
 C - a +0 flail
 F - a +2 mace of holy wrath
 L - the +5 hunting sling "Vefew" {flame, *Contam rPois Str+3}
   (You found it on level 8 of the Dungeon)

   It causes projectiles fired from it to burn those they strike, causing extra
   injury to most foes and up to half again as much damage against particularly
   susceptible opponents.
   It affects your strength (+3).
   It protects you from poison.
   It causes magical contamination when unequipped.
 R - a +0 giant spiked club
Missiles
 d - 5 throwing nets
 g - 81 sling bullets (quivered)
 l - 300 stones
 p - 65 bolts
Armour
 c - a +0 hat (worn)
 u - a +5 ring mail of fire resistance (worn)
 x - a +0 buckler (worn)
 y - a +2 cloak
 J - a +0 pair of gloves (worn)
 M - a +3 chain mail
 N - a +2 cloak of magic resistance
 P - a scarf of spirit shield (worn)
Jewellery
 j - a +2 ring of intelligence (left hand)
 Q - an uncursed ring of protection from fire {unknown}
 U - a cursed -3 ring of strength {unknown}
Wands
 v - a wand of enslavement (18)
 G - a wand of random effects (34)
 I - a wand of disintegration (13)
 K - a wand of acid (33)
 S - a wand of iceblast (7)
 T - a wand of paralysis (16)
Scrolls
 h - 2 scrolls of amnesia
 k - 3 scrolls of magic mapping
 n - 4 scrolls of identify
 r - 4 scrolls of teleportation
 s - 3 scrolls of remove curse
 z - 3 scrolls of random uselessness {unknown}
 D - 3 scrolls of blinking
 O - 2 scrolls of fear
Potions
 e - 2 potions of brilliance
 i - 3 potions of might {unknown}
 m - a potion of heal wounds
 o - 4 potions of lignification
 q - 4 potions of flight
 t - 7 potions of curing
 w - 3 potions of invisibility
 A - 2 potions of magic {unknown}
 B - a potion of agility
 E - a potion of mutation
 H - a potion of haste {unknown}
Comestibles
 f - 28 rations


   Skills:
 + Level 12.6 Fighting
 - Level 14.0 Maces & Flails
 + Level 9.3(9.4) Slings
 - Level 2.1(5.7) Throwing
 + Level 9.9 Armour
 + Level 9.8 Dodging
 - Level 4.0 Shields


You had 11 spell levels left.
You didn't know any spells.
Your spell library contained the following spells:

 Spells                   Type           Power        Failure   Level  Hunger
 Infusion                 Chrm           #...         56%         1    ##.....
 Summon Small Mammal      Summ           #...         56%         1    ##.....
 Call Imp                 Summ           #.......     71%         2    ###....
 Shroud of Golubria       Chrm/Tloc      #.........   71%         2    ###....
 Song of Slaying          Chrm           #.......     71%         2    ###....
 Call Canine Familiar     Summ           #.......     90%         3    ####...
 Regeneration             Chrm/Necr      #.........   90%         3    ####...
 Spectral Weapon          Hex/Chrm       #.......     90%         3    ####...
 Summon Guardian Golem    Hex/Summ       #.......     90%         3    ####...
 Summon Ice Beast         Ice/Summ       #.......     100%        4    #####..
 Summon Lightning Spire   Summ/Air       #.......     100%        4    #####..


Dungeon Overview and Level Annotations

Branches:
Dungeon (12/15)            Temple (0/1) D:7            Lair (0/6) D:11
    Orc: D:9-12

Altars:
Cheibriados
Dithmenos
Elyvilon
Fedhas
Gozag
Hepliaklqana
Makhleb
Nemelex Xobeh
Ru
Sif Muna
Trog
Uskayaw
Vehumet
Wu Jian
Xom
Yredelemnul
Beogh


Innate Abilities, Weirdness & Mutations

You reflexively headbutt those who attack you in melee.
You have a pair of horns on your head.
You have supernaturally acute eyesight. (SInv)
Your system is resistant to poisons. (rPois)
You occasionally shout uncontrollably at your foes.


Message History

The slime creature barely misses you.
You sock the large slime creature! You headbutt the large slime creature!
The large slime creature is almost dead.
The large slime creature hits you!!
* * * LOW HITPOINT WARNING * * *
You block the slime creature's attack.
You completely miss the large slime creature.
The large slime creature is almost dead.
The large slime creature misses you.
You hit the large slime creature.
You headbutt the large slime creature, but do no damage.
The large slime creature is almost dead.
Your shadow hits the large slime creature with a flail.
The slime creature hits you.
* * * LOW HITPOINT WARNING * * *
You sock the large slime creature!
You kill the large slime creature!
Dithmenos accepts your kill. The slime creature hits you!
You die...

##'##........#
#.##..........#
##.#.#.....>..#
#.######......#
#.#.##........#
#.# #......#
##†#.#........##
#H #.##...#
#.#.##.........#
#.......#
##.#.#.......<.##
#........
###.###.#######..#
#.......#
#.......#
######J##
#####...#
###....##
#.....@.# ######
#.#####.# ... #..#
..# ..# ... ...


You could see a slime creature.

Vanquished Creatures
  Josephine (D:11)
  Erolcha (D:11)
  3 two-headed ogres
  Urug (D:10)
  5 skeletal warriors
  2 unseen horrors (D:11)
  3 ugly things (D:11)
  A deep elf mage (D:12)
  2 cyclopes
  2 komodo dragons
  A tengu conjurer (D:11)
  2 trolls
  Grinder (D:6)
  A hornet (D:12)
  The ghost of Frank the Slasher, an amateur OpFi (D:4)
  4 hippogriffs
  9 slime creatures
  A shadow (D:11)
  Sigmund (D:4)
  5 wraiths (D:10)
  16 yaks
  Menkaure (D:4)
  Edmund (D:6)
  A water moccasin (D:8)
  2 soldier ants (D:12)
  5 sky beasts
  A necrophage (D:7)
  A black bear (D:11)
  2 ice beasts (D:9)
  An orc warrior (D:6)
  5 ogres
  An eye of draining (D:12)
  4 phantoms
  3 centaurs
  A big kobold (D:9)
  3 bullfrogs
  A scorpion (D:5)
  31 killer bees
  2 howler monkeys
  2 crimson imps
  A quasit (D:11)
  3 jellies
  11 hounds
  3 bullfrog skeletons
  5 orc priests
  Crazy Yiuf (D:6)
  4 centaur skeletons
  Ijyb (D:4)
  11 orc wizards
  Natasha (twice) (D:2)
  3 iguanas
  5 worker ants
  A statue (D:8)
  A killer bee zombie (D:5)
  A hound zombie (D:9)
  A howler monkey zombie (D:6)
  14 gnolls
  16 adders
  8 river rats
  5 shadow imps
  An ooze (D:1)
  An adder zombie (D:8)
  2 worms
  3 dart slugs
  6 leopard geckos
  64 orcs
  7 bats
  6 giant cockroaches
  6 hobgoblins
  15 jackals
  4 quokkas
  11 ball pythons
  6 frilled lizards
  6 goblins
  29 kobolds
  A quokka skeleton (D:4)
  28 rats
  4 plants (D:11)
428 creatures vanquished.

Vanquished Creatures (others)
  2 plants (D:11)
2 creatures vanquished.

Grand Total: 430 creatures vanquished

Notes
Turn   | Place    | Note
-------+----------+-------------------------------------------
     0 | D:1      | HerrDoktor the Minotaur Gladiator began the quest for the
                  | Orb.
     0 | D:1      | Reached XP level 1. HP: 18/18 MP: 0/0
   115 | D:1      | Reached XP level 2. HP: 25/25 MP: 1/1
   125 | D:1      | Reached skill level 4 in Maces & Flails
   528 | D:1      | Reached XP level 3. HP: 30/30 MP: 2/2
   940 | D:2      | Found a shadowy altar of Dithmenos.
   955 | D:2      | Became a worshipper of Dithmenos the Shadowed
  1062 | D:2      | Found a deep blue altar of Sif Muna.
  1105 | D:2      | Noticed Natasha
  1108 | D:2      | Killed Natasha
  1108 | D:2      | Reached skill level 5 in Maces & Flails
  1108 | D:2      | Reached skill level 1 in Armour
  1108 | D:2      | Reached XP level 4. HP: 33/38 MP: 3/3
  1158 | D:2      | Noticed Natasha
  1163 | D:2      | Killed Natasha
  1480 | D:2      | Reached skill level 1 in Slings
  1480 | D:2      | Reached XP level 5. HP: 26/45 MP: 4/4
  1862 | D:2      | Found a burning altar of Makhleb.
  2072 | D:3      | Reached * piety under Dithmenos
  2291 | D:3      | Found a faded altar of an unknown god.
  2623 | D:4      | Noticed Menkaure
  2630 | D:4      | Killed Menkaure
  2630 | D:4      | Reached skill level 6 in Maces & Flails
  2630 | D:4      | Reached XP level 6. HP: 28/52 MP: 5/5
  3057 | D:4      | Noticed Sigmund
  3129 | D:4      | Found a sacrificial altar of Ru.
  3310 | D:4      | Killed Sigmund
  3310 | D:4      | Reached XP level 7. HP: 49/60 MP: 6/6
  3408 | D:4      | Noticed Ijyb
  3445 | D:4      | Killed Ijyb
  3496 | D:4      | Found a runed gate.
  3496 | D:4      | Noticed Frank's ghost (amateur OpFi)
  3497 | D:4      | Found a runed gate.
  3498 | D:4      | Found a runed gate.
  3500 | D:4      | Found a roughly hewn altar of Beogh.
  3803 | D:5      | Entered Level 5 of the Dungeon
  3851 | D:5      | Found a bloodstained altar of Trog.
  3873 | D:5      | Reached skill level 7 in Maces & Flails
  4012 | D:5      | Found a glowing drain.
  4032 | D:5      | Reached XP level 8. HP: 65/67 MP: 7/7
  4106 | Sewer    | Entered a sewer
  4118 | Sewer    | Reached ** piety under Dithmenos
  4173 | Sewer    | Reached skill level 5 in Fighting
  5000 | D:5      | Reached skill level 5 in Dodging
  5000 | D:5      | Reached skill level 1 in Shields
  5066 | D:5      | Reached skill level 8 in Maces & Flails
  5709 | D:6      | Noticed Edmund
  5735 | D:6      | Killed Edmund
  5797 | D:6      | Reached *** piety under Dithmenos
  5797 | D:6      | Reached skill level 5 in Armour
  5922 | D:6      | Found a runed door.
  6292 | D:6      | Reached skill level 9 in Maces & Flails
  6306 | D:6      | Reached skill level 5 in Slings
  6491 | D:6      | Found a blossoming altar of Fedhas.
  6504 | D:6      | Reached XP level 9. HP: 61/75 MP: 8/8
  6669 | D:6      | Found a hazy altar of Hepliaklqana.
  6718 | D:6      | Noticed Grinder
  6723 | D:6      | Paralysed by Grinder for 3 turns
  6728 | D:6      | Killed Grinder
  6867 | D:6      | Noticed Crazy Yiuf
  6876 | D:6      | Killed Crazy Yiuf
  7054 | D:7      | Reached skill level 10 in Maces & Flails
  7327 | D:7      | Found a snail-covered altar of Cheibriados.
  7327 | D:7      | Found a white marble altar of Elyvilon.
  7327 | D:7      | Found a hide-covered altar of Uskayaw.
  7327 | D:7      | Found an opulent altar of Gozag.
  7349 | D:7      | Found a sparkling altar of Nemelex Xobeh.
  7349 | D:7      | Found a shimmering altar of Xom.
  7349 | D:7      | Found a basalt altar of Yredelemnul.
  7349 | D:7      | Found an ornate altar of the Wu Jian Council.
  7438 | D:7      | Reached **** piety under Dithmenos
  7716 | D:7      | Found a staircase to the Ecumenical Temple.
  7906 | D:8      | Reached skill level 11 in Maces & Flails
  7915 | D:8      | Reached XP level 10. HP: 61/86 MP: 9/9
  8200 | D:8      | Got a scorched hunting sling
  8201 | D:8      | Identified the +5 hunting sling "Vefew" {flame, *Contam
                  | rPois Str+3} (You found it on level 8 of the Dungeon)
  8219 | D:8      | Gained mutation: Scrolls take you a little longer to read.
                  | [mutagenic glow]
  8264 | D:8      | Gained mutation: You are dopey. (Int -2) [mutagenic glow]
  8579 | D:8      | Noticed a two-headed ogre
  8603 | D:7      | Killed a two-headed ogre
  8667 | D:8      | Found a radiant altar of Vehumet.
  9206 | D:9      | Reached skill level 12 in Maces & Flails
  9214 | D:9      | Reached ***** piety under Dithmenos
  9422 | D:9      | Noticed a two-headed ogre
  9435 | D:9      | Killed a two-headed ogre
  9756 | D:9      | Reached XP level 11. HP: 87/95 MP: 10/10
 10067 | D:4      | Killed Frank's ghost
 10264 | D:10     | Entered Level 10 of the Dungeon
 10451 | D:10     | Reached skill level 13 in Maces & Flails
 10550 | D:10     | Noticed Urug
 10581 | D:10     | Killed Urug
 10834 | D:10     | You fall through a shaft!
 10838 | D:11     | Noticed a green ugly thing
 11608 | D:11     | Killed a green ugly thing
 11610 | D:11     | Noticed Josephine
 11623 | D:11     | Killed Josephine
 11677 | D:10     | Reached skill level 14 in Maces & Flails
 11683 | D:10     | Reached skill level 10 in Fighting
 11737 | D:11     | Killed an unseen horror
 11755 | D:11     | Noticed a two-headed ogre
 11784 | D:11     | Killed a two-headed ogre
 12181 | D:11     | Noticed a cyan ugly thing
 12191 | D:11     | Killed a cyan ugly thing
 12514 | D:11     | Killed an unseen horror
 12514 | D:11     | Reached XP level 12. HP: 67/108 MP: 8/11
 12708 | D:11     | Noticed Erolcha
 12729 | D:11     | Killed Erolcha
 12962 | D:11     | Found a staircase to the Lair.
 13790 | D:12     | Lost mutation: You are dopey. (Int -2) [potion of mutation]
 13790 | D:12     | Lost mutation: Scrolls take you a little longer to read.
                  | [potion of mutation]
 13790 | D:12     | Gained mutation: You occasionally shout uncontrollably at
                  | your foes. [potion of mutation]
 13790 | D:12     | Gained mutation: Your system is resistant to poisons.
                  | (rPois) [potion of mutation]
 13790 | D:12     | Gained mutation: You have supernaturally acute eyesight.
                  | (SInv) [potion of mutation]
 13891 | D:11     | HP: 4/110 [skeletal warrior/hand axe[a skeletal warrior]
                  | (13)]
 15159 | D:11     | HP: 4/112 [large slime creature (19)]
 15892 | D:12     | Slain by a slime creature

Skill      XL: |  1  2  3  4  5  6  7  8  9 10 11 12 |
---------------+-------------------------------------+-----
Maces & Flails | 4 5 6 7 9 11 12 14 | 14.0
Fighting       | 3 4 6 7 8 10 12 | 12.6
Armour         | 1 2 3 4 5 6 7 8 9 |  9.9
Slings         | 1 2 3 4 5 6 7 9 |  9.3
Dodging        | 4 5 6 7 8 9 |  9.8
Shields        | 2 4 |  4.0
Throwing       | |  2.1

Action                   |  1- 3 |  4- 6 |  7- 9 | 10-12 || total
-------------------------+-------+-------+-------+-------++-------
Melee: Flail             |    72 |    69 |   405 |   767 ||  1313
       Headbutt          |     8 |    15 |    77 |   190 ||   290
       Whip              |       |     7 |       |       ||     7
 Fire: Hunting sling     |     9 |    25 |    61 |    96 ||   191
Throw: Throwing net      |     1 |       |       |       ||     1
Invok: Shadow Step       |       |       |     2 |     1 ||     3
  Use: Scroll            |     3 |     1 |    11 |     7 ||    22
       Potion            |       |       |       |     6 ||     6
  Eat: Chunk             |       |     2 |    13 |    15 ||    30
       Ration            |       |     2 |       |     3 ||     5
Armor: Leather armour    |    21 |    11 |       |       ||    32
       Ring mail         |       |     6 |   108 |   181 ||   295
Dodge: Dodged            |    59 |    53 |   313 |   408 ||   833
Block: Buckler           |       |       |    52 |   132 ||   184
